AoeStats
← MarcaTenebrosa

Arabia

507000256Analyzed
1v1 RM · 15d ago on Sep 16, 2026· 18m 36s· 2 players
Game mode
Random Map
Map size
Tiny (2 player)
Population
200
Speed
Normal
Resources
Standard
Victory
Conquest
Starting age
Dark Age
Ending age
Imperial Age
RankedLock teamsTeams togetherTeam positionsShared explorationLock speedFull tech treeHidden civsTurbo modeCheats
Victory
Defeat
🇹🇼 Franks · Taiwan
1138
+14
🇦🇷 Vietnamese · Argentina
1094
-40
MarcaTenebrosa
9:55 Feudal Age
11:42 Loom
handsomelawrence
6:14 Loom
6:20 Loom
8:57 Feudal Age
9:23 Double-Bit Axe
17:00 Padded Archer Armor
16:53 Fletching
18:06 Scale Barding Armor
18:51 Forging
Connection lost

Rejoining the realm…

Still unreachable

The connection could not be restored.

Session expired

The server has moved on; the page needs a fresh start.